SAAA
VERMONT LAKE MONSTERS @ BRINKLEY BELUGAS
07/26/2034
 
TOP OF THE 1ST
Vermont Lake Monsters batting - Pitching for Brinkley Belugas : RHP Gary Wilson
Pitching: RHP Gary Wilson
Batting: RHB Cosmo Castanhedo 0-0: Ball
1-0: Ball
2-0: Called Strike
2-1: Ball
3-1: Called Strike
3-2: Foul Ball, location: 2F
3-2: Ground out U3 (Groundball, 3)
Batting: RHB Ricardo Téllez 0-0: Swinging Strike
0-1: Foul Ball, location: 2F
0-2: Strikes out looking
Batting: LHB Sébastien Cornu 0-0: SINGLE (Groundball, 34D)
Batting: RHB Hsi-men King 0-0: Called Strike
0-1: Fly out, F8 (Flyball, 89S)
Top of the 1st over - 0 runs, 1 hit, 0 errors, 1 left on base; Vermont 0 - Brinkley 0
BOTTOM OF THE 1ST
Brinkley Belugas batting - Pitching for Vermont Lake Monsters : RHP Naozane Kobayashi
Pitching: RHP Naozane Kobayashi
Batting: RHB Ronald Comejo 0-0: Swinging Strike
0-1: Ball
1-1: Swinging Strike
1-2: Ball
2-2: Ball
3-2: Strikes out swinging
Batting: RHB Wu-shiun Wang 0-0: Foul Ball, location: 2F
0-1: Ball
1-1: Ball
2-1: Foul Ball, location: 2F
2-2: Fly out, F9 (Flyball, 9LM)
Batting: LHB Travis Towns 0-0: Called Strike
0-1: Ball
1-1: Ball
2-1: Foul Ball, location: 2F
2-2: Ball
3-2: Base on Balls
Batting: RHB Guy Toussaint 0-0: Ball
Travis Towns steals 2nd base
1-0: Ball
2-0: Fly out, F3 (Line Drive, 34S)
Bottom of the 1st over - 0 runs, 0 hits, 0 errors, 1 left on base; Vermont 0 - Brinkley 0
TOP OF THE 2ND
Vermont Lake Monsters batting - Pitching for Brinkley Belugas : RHP Gary Wilson
Batting: RHB Jason Slaybaugh 0-0: Ball
1-0: Ball
2-0: Ball
3-0: Base on Balls
Batting: RHB Gabe Cain 0-0: Fly out, F9 (Flyball, 9LSF)
Batting: RHB Marcel Roks 0-0: Ball
1-0: Ball
2-0: SINGLE (Line Drive, 7S)
Jason Slaybaugh to second
Batting: RHB Ramón Soto 0-0: Foul Ball, location: 2F
0-1: Ball
1-1: Foul Ball, location: 2F
1-2: Ball
2-2: Ball
3-2: Base on Balls
Jason Slaybaugh to third
Marcel Roks to second
Batting: LHB Manuel Núñez 0-0: Ball
1-0: Called Strike
1-1: Swinging Strike
1-2: SINGLE (Line Drive, 6MD)
Jason Slaybaugh scores
Marcel Roks to third
Ramón Soto to second
Batting: RHB Cosmo Castanhedo 0-0: Foul Ball, location: 2F
0-1: Fly out, F7 (Flyball, 78M)
Runner from 3rd tags up, OUT at HOME
Top of the 2nd over - 1 run, 2 hits, 0 errors, 2 left on base; Vermont 1 - Brinkley 0
BOTTOM OF THE 2ND
Brinkley Belugas batting - Pitching for Vermont Lake Monsters : RHP Naozane Kobayashi
Batting: LHB Mario Nieves 0-0: Ball
1-0: Ground out 4-3 (Groundball, 4)
Batting: RHB Hyeon-cheong Kim 0-0: Called Strike
0-1: Ball
1-1: Fly out, F7 (Flyball, 78D)
Batting: RHB Andy Putman 0-0: Ball
1-0: Ball
2-0: Fly out, F9 (Flyball, 89D)
Bottom of the 2nd over - 0 runs, 0 hits, 0 errors, 0 left on base; Vermont 1 - Brinkley 0
TOP OF THE 3RD
Vermont Lake Monsters batting - Pitching for Brinkley Belugas : RHP Gary Wilson
Batting: RHB Ricardo Téllez 0-0: Called Strike
0-1: Foul Ball, location: 2F
0-2: Ball
1-2: Foul Ball, location: 2F
1-2: Ground out 6-3 (Groundball, 6)
Batting: LHB Sébastien Cornu 0-0: Ball
1-0: Ball
2-0: Ball
3-0: Called Strike
3-1: Base on Balls
Batting: RHB Hsi-men King 0-0: Ball
1-0: Fielders Choice at 2nd, 1-6 (Groundball, 13)
Batting: RHB Jason Slaybaugh 0-0: Ball
1-0: Ball
2-0: Ball
3-0: Swinging Strike
3-1: Foul Ball, location: 2F
3-2: Base on Balls
Hsi-men King to second
Batting: RHB Gabe Cain 0-0: Called Strike
0-1: Foul Ball, location: 2F
0-2: Hit by Pitch
Hsi-men King to third
Jason Slaybaugh to second
Batting: RHB Marcel Roks 0-0: Called Strike
0-1: Foul Ball, location: 2F
0-2: Strikes out swinging
Top of the 3rd over - 0 runs, 0 hits, 0 errors, 3 left on base; Vermont 1 - Brinkley 0
BOTTOM OF THE 3RD
Brinkley Belugas batting - Pitching for Vermont Lake Monsters : RHP Naozane Kobayashi
Batting: LHB Weston Doyle 0-0: DOUBLE (Line Drive, 9LS)
Batting: RHB Rio Clark 0-0: Ball
1-0: Foul Ball, location: 2F
1-1: Ball
2-1: Ball
3-1: Base on Balls
Batting: RHB Ronald Comejo 0-0: Called Strike
0-1: Ball
1-1: Ground out 4-3 (Groundball, 4S)
Weston Doyle to third
Rio Clark to second
Batting: RHB Wu-shiun Wang 0-0: Foul Ball, location: 2F
0-1: Called Strike
0-2: Strikes out swinging
Batting: LHB Travis Towns 0-0: Ball
1-0: Foul Ball, location: 2F
1-1: Foul Ball, location: 2F
1-2: Strikes out looking
Bottom of the 3rd over - 0 runs, 1 hit, 0 errors, 2 left on base; Vermont 1 - Brinkley 0
TOP OF THE 4TH
Vermont Lake Monsters batting - Pitching for Brinkley Belugas : RHP Gary Wilson
Batting: RHB Ramón Soto 0-0: Called Strike
0-1: Ball
1-1: Called Strike
1-2: Ball
2-2: Ball
3-2: Strikes out swinging
Batting: LHB Manuel Núñez 0-0: Foul Ball, location: 2F
0-1: Ball
1-1: Ball
2-1: Ball
3-1: Base on Balls
Batting: RHB Cosmo Castanhedo 0-0: Called Strike
Manuel Núñez steals 2nd base
0-1: Foul Ball, location: 2F
0-2: Foul Ball, location: 2F
0-2: Ball
1-2: Ground out 4-3 (Groundball, 4M)
Manuel Núñez to third
Batting: RHB Ricardo Téllez 0-0: Ball
1-0: Called Strike
1-1: Ball
2-1: Called Strike
2-2: Foul Ball, location: 2F
2-2: Foul Ball, location: 2F
2-2: SINGLE (Groundball, 5D)
Manuel Núñez scores
Batting: LHB Sébastien Cornu 0-0: Ball
1-0: Called Strike
1-1: Ball
2-1: Ball
3-1: Fly out, F9 (Flyball, 9S)
Top of the 4th over - 1 run, 1 hit, 0 errors, 1 left on base; Vermont 2 - Brinkley 0
BOTTOM OF THE 4TH
Brinkley Belugas batting - Pitching for Vermont Lake Monsters : RHP Naozane Kobayashi
Batting: RHB Guy Toussaint 0-0: Fly out, F6 (Line Drive, 6)
Batting: LHB Mario Nieves 0-0: Foul Ball, location: 2F
0-1: Fly out, F8 (Flyball, 8RS)
Batting: RHB Hyeon-cheong Kim 0-0: Ball
1-0: Called Strike
1-1: Foul Ball, location: 2F
1-2: Ball
2-2: Fly out, F9 (Line Drive, 9D)
Bottom of the 4th over - 0 runs, 0 hits, 0 errors, 0 left on base; Vermont 2 - Brinkley 0
TOP OF THE 5TH
Vermont Lake Monsters batting - Pitching for Brinkley Belugas : RHP Gary Wilson
Batting: RHB Hsi-men King 0-0: Ball
1-0: SINGLE (Groundball, 5L) (infield hit)
Batting: RHB Jason Slaybaugh 0-0: Ball
1-0: Fly out, F8 (Flyball, 8RM)
Batting: RHB Gabe Cain 0-0: SINGLE (Groundball, 34D)
Hsi-men King to second
Runner from 2nd tries for 3rd, SAFE, no throw
Batting: RHB Marcel Roks 0-0: Ball
1-0: Ball
2-0: Called Strike
2-1: Foul Ball, location: 2F
2-2: Foul Ball, location: 2F
2-2: Ball
3-2: Fly out, F9 (Flyball, 9D)
Runner from 3rd tags up, SCORES, throw made
Batting: RHB Ramón Soto 0-0: Ball
Gabe Cain steals 2nd base
1-0: Foul Ball, location: 2F
1-1: Foul Ball, location: 2F
1-2: Ball
2-2: Fly out, F7 (Line Drive, 78D)
Top of the 5th over - 1 run, 2 hits, 0 errors, 1 left on base; Vermont 3 - Brinkley 0
BOTTOM OF THE 5TH
Brinkley Belugas batting - Pitching for Vermont Lake Monsters : RHP Naozane Kobayashi
Batting: RHB Andy Putman 0-0: Ball
1-0: Ball
2-0: Ball
3-0: Called Strike
3-1: Base on Balls
Batting: LHB Weston Doyle 0-0: Called Strike
0-1: Ball
1-1: Called Strike
1-2: Ball
2-2: Foul Ball, location: 2F
2-2: Ball
3-2: DOUBLE (Flyball, 89D)
Andy Putman to third
Batting: RHB Rio Clark 0-0: Swinging Strike
0-1: Called Strike
0-2: Ball
1-2: Foul Ball, location: 2F
1-2: Strikes out swinging
Batting: RHB Ronald Comejo 0-0: Ball
1-0: Called Strike
1-1: Swinging Strike
1-2: Strikes out looking
Batting: RHB Wu-shiun Wang 0-0: Called Strike
0-1: Ball
Wild Pitch!
Andy Putman scores
Weston Doyle to third
1-1: Ball
2-1: Swinging Strike
2-2: Ground out 6-3 (Groundball, 6D)
Bottom of the 5th over - 1 run, 1 hit, 0 errors, 1 left on base; Vermont 3 - Brinkley 1
TOP OF THE 6TH
Vermont Lake Monsters batting - Pitching for Brinkley Belugas : RHP Gary Wilson
Pitching: RHP Desiderio Toccafundo
Batting: LHB Manuel Núñez 0-0: Swinging Strike
0-1: Foul Ball, location: 2F
0-2: Strikes out looking
Batting: RHB Cosmo Castanhedo 0-0: Ball
1-0: Swinging Strike
1-1: Ball
2-1: Called Strike
2-2: Fly out, F8 (Flyball, 78XD)
Batting: RHB Ricardo Téllez 0-0: Called Strike
0-1: Ball
1-1: SINGLE (Groundball, 6MD)
Batting: LHB Sébastien Cornu 0-0: Called Strike
0-1: Swinging Strike
0-2: Ball
1-2: Strikes out looking
Top of the 6th over - 0 runs, 1 hit, 0 errors, 1 left on base; Vermont 3 - Brinkley 1
BOTTOM OF THE 6TH
Brinkley Belugas batting - Pitching for Vermont Lake Monsters : RHP Naozane Kobayashi
Batting: LHB Travis Towns 0-0: Ball
1-0: Swinging Strike
1-1: Ball
2-1: SINGLE (Line Drive, 8RS)
Batting: RHB Guy Toussaint 0-0: Ground out 3-1 (Groundball, 23)
Travis Towns to second
Batting: LHB Mario Nieves 0-0: Called Strike
Travis Towns steals 3rd base
0-1: Ball
1-1: Ball
2-1: Foul Ball, location: 2F
2-2: Fly out, F4 (Popup, 4)
Batting: RHB Hyeon-cheong Kim 0-0: Ball
1-0: Foul Ball, location: 2F
1-1: 2-RUN HOME RUN (Flyball, 7D), Distance : 393 ft
Batting: RHB Andy Putman 0-0: Fly out, F7 (Flyball, 7D)
Bottom of the 6th over - 2 runs, 2 hits, 0 errors, 0 left on base; Vermont 3 - Brinkley 3
TOP OF THE 7TH
Vermont Lake Monsters batting - Pitching for Brinkley Belugas : RHP Desiderio Toccafundo
Batting: RHB Hsi-men King 0-0: Called Strike
0-1: Fly out, F5 (Popup, 5F)
Batting: RHB Jason Slaybaugh 0-0: Called Strike
0-1: SINGLE (Flyball, 78M)
Pinch Hitting: RHB José Vázquez 0-0: Called Strike
0-1: Foul Ball, location: 2F
0-2: Ball
1-2: Ball
2-2: Ball
3-2: Grounds into double play, 4-6-3 (Groundball, 4)
Top of the 7th over - 0 runs, 1 hit, 0 errors, 0 left on base; Vermont 3 - Brinkley 3
BOTTOM OF THE 7TH
Brinkley Belugas batting - Pitching for Vermont Lake Monsters : RHP Naozane Kobayashi
Now in CF: José Vázquez
Batting: LHB Weston Doyle 0-0: Ball
1-0: Ball
2-0: Fly out, F8 (Flyball, 8LS)
Batting: RHB Rio Clark 0-0: Ball
1-0: Called Strike
1-1: Ball
2-1: Swinging Strike
2-2: Ball
3-2: Foul Ball, location: 2F
3-2: Ground out 4-3 (Groundball, 4M)
Batting: RHB Ronald Comejo 0-0: Ball
1-0: Ball
2-0: Ground out 4-3 (Groundball, 4)
Bottom of the 7th over - 0 runs, 0 hits, 0 errors, 0 left on base; Vermont 3 - Brinkley 3
TOP OF THE 8TH
Vermont Lake Monsters batting - Pitching for Brinkley Belugas : RHP Desiderio Toccafundo
Pitching: LHP Fernando Padilla
Batting: RHB Marcel Roks 0-0: Called Strike
0-1: Fly out, F5 (Line Drive, 56)
Batting: RHB Ramón Soto 0-0: Ball
1-0: Ground out 4-3 (Groundball, 4)
Pinch Hitting: RHB Bobson Dugnutt 0-0: Called Strike
0-1: Swinging Strike
0-2: Strikes out looking
Top of the 8th over - 0 runs, 0 hits, 0 errors, 0 left on base; Vermont 3 - Brinkley 3
BOTTOM OF THE 8TH
Brinkley Belugas batting - Pitching for Vermont Lake Monsters : RHP Naozane Kobayashi
Now in RF: Bobson Dugnutt
Batting: RHB Wu-shiun Wang 0-0: Ball
1-0: Called Strike
1-1: Called Strike
1-2: Ball
2-2: Ground out 6-3 (Groundball, 6)
Batting: LHB Travis Towns 0-0: SINGLE (Groundball, 6D)
Batting: RHB Guy Toussaint 0-0: Ball
1-0: Grounds into double play, 4-6-3 (Groundball, 4)
Bottom of the 8th over - 0 runs, 1 hit, 0 errors, 0 left on base; Vermont 3 - Brinkley 3
TOP OF THE 9TH
Vermont Lake Monsters batting - Pitching for Brinkley Belugas : LHP Fernando Padilla
Batting: RHB Cosmo Castanhedo 0-0: Ball
1-0: Called Strike
1-1: Ball
2-1: Ground out 4-3 (Groundball, 34)
Batting: RHB Ricardo Téllez 0-0: Foul Ball, location: 2F
0-1: Called Strike
0-2: Foul Ball, location: 2F
0-2: Strikes out looking
Batting: LHB Sébastien Cornu 0-0: Ball
1-0: Ball
2-0: Ball
3-0: Called Strike
3-1: Foul Ball, location: 2F
3-2: Strikes out swinging
Top of the 9th over - 0 runs, 0 hits, 0 errors, 0 left on base; Vermont 3 - Brinkley 3
BOTTOM OF THE 9TH
Brinkley Belugas batting - Pitching for Vermont Lake Monsters : RHP Naozane Kobayashi
Pitching: LHP Mike Brandner
Batting: LHB Mario Nieves 0-0: Ball
1-0: Swinging Strike
1-1: Ground out 4-3 (Groundball, 4)
Batting: RHB Hyeon-cheong Kim 0-0: Foul Ball, location: 2F
0-1: Ball
1-1: Swinging Strike
1-2: SINGLE (Groundball, 6MD)
Batting: RHB Andy Putman 0-0: Called Strike
0-1: Ball
1-1: Foul Ball, location: 2F
1-2: Ball
2-2: Foul Ball, location: 2F
2-2: Strikes out swinging
Pinch Hitting: RHB Mario Rivera 0-0: Ball
1-0: Ball
2-0: Ball
3-0: Base on Balls
Hyeon-cheong Kim to second
Batting: RHB Rio Clark 0-0: Called Strike
0-1: Ball
1-1: Foul Ball, location: 2F
1-2: Strikes out swinging
Bottom of the 9th over - 0 runs, 1 hit, 0 errors, 2 left on base; Vermont 3 - Brinkley 3
TOP OF THE 10TH
Vermont Lake Monsters batting - Pitching for Brinkley Belugas : LHP Fernando Padilla
Pitching: RHP Jean-François Chapon
Now in LF: Mario Rivera
Batting: RHB Hsi-men King 0-0: Ball
1-0: Ball
2-0: Fly out, F8 (Flyball, 8LD)
Batting: RHB Jason Slaybaugh 0-0: Hit by Pitch
Batting: RHB José Vázquez 0-0: Called Strike
0-1: Ball
1-1: Foul Ball, location: 2F
1-2: Fly out, F8 (Flyball, 8LS)
Batting: RHB Marcel Roks 0-0: Ball
1-0: Called Strike
1-1: Ball
2-1: Fielders Choice at 2nd, 5-4 (Groundball, 56)
Top of the 10th over - 0 runs, 0 hits, 0 errors, 1 left on base; Vermont 3 - Brinkley 3
BOTTOM OF THE 10TH
Brinkley Belugas batting - Pitching for Vermont Lake Monsters : LHP Mike Brandner
Batting: RHB Ronald Comejo 0-0: Ball
1-0: Called Strike
1-1: Called Strike
1-2: Fly out, F9 (Flyball, 89D)
Batting: RHB Wu-shiun Wang 0-0: Ball
1-0: Foul Ball, location: 2F
1-1: Called Strike
1-2: Ball
2-2: Ground out 6-3 (Groundball, 6)
Pinch Hitting: SHB Jorge Colón 0-0: Called Strike
0-1: Ball
1-1: Called Strike
1-2: Strikes out swinging
Bottom of the 10th over - 0 runs, 0 hits, 0 errors, 0 left on base; Vermont 3 - Brinkley 3
TOP OF THE 11TH
Vermont Lake Monsters batting - Pitching for Brinkley Belugas : RHP Jean-François Chapon
Now in RF: Júlio González
Batting: RHB Ramón Soto 0-0: Ball
1-0: Called Strike
1-1: Swinging Strike
1-2: Ball
2-2: Ball
3-2: Foul Ball, location: 2F
3-2: Strikes out looking
Pinch Hitting: LHB David Smith 0-0: Called Strike
0-1: Ball
1-1: Ball
2-1: Foul Ball, location: 2F
2-2: SINGLE (Groundball, 6MD)
Batting: RHB Cosmo Castanhedo 0-0: Ball
1-0: Fly out, F4 (Line Drive, 4)
Batting: RHB Ricardo Téllez 0-0: Called Strike
0-1: Ball
1-1: Ground out 6-3 (Groundball, 6D)
Top of the 11th over - 0 runs, 1 hit, 0 errors, 1 left on base; Vermont 3 - Brinkley 3
BOTTOM OF THE 11TH
Brinkley Belugas batting - Pitching for Vermont Lake Monsters : LHP Mike Brandner
Now in RF: Katsunan Taketo
Batting: RHB Guy Toussaint 0-0: Foul Ball, location: 2F
0-1: Ball
1-1: Called Strike
1-2: Ball
2-2: Ball
3-2: Base on Balls
Batting: LHB Mario Nieves 0-0: Ball
1-0: 2-RUN HOME RUN (Flyball, 9LD), Distance : 334 ft
Friday, March 29th, 2019 - OOTP Baseball 18.8 Build 76